 Dungeon Crawl Stone Soup version 0.24.0-125-gc4c63601f3 (webtiles) character file.

Game seed: 4634689613865002727, levelgen mode: deterministic

53 Descartes the Ducker (level 3, -1/17 HPs)
             Began as a Felid Monk on Feb 27, 2020.
             Slain by a worm (4 damage)
             ... on level 2 of the Dungeon.
             The game lasted 00:03:00 (815 turns).

Descartes the Ducker (Felid Monk)                    Turns: 815, Time: 00:03:00

Health: -1/17      AC:  1    Str:  8    XL:     3   Next: 62%
Magic:  4/4        EV: 20    Int: 11    God:
Gold:   27         SH:  0    Dex: 18    Spells: 2/2 levels left
                                        Lives:  0   Deaths: 0

rFire    . . .     SeeInvis +     - Unarmed
rCold    . . .     Gourm    .   (shield unavailable)
rNeg     . . .     Faith    .   (armour unavailable)
rPois    .         Spirit   .   (helmet unavailable)
rElec    .         Reflect  .   (cloak unavailable)
rCorr    .         Harm     .   (gloves unavailable)
MR       .....                  (boots unavailable)
Stlth    +++.......             (no amulet)
HPRegen  0.05/turn              (no ring)
MPRegen  0.09/turn              (no ring)

@: quick
A: very small, no armour, no weapons or thrown items, stealth, claws 1, fangs 3,
see invisible, carnivore, speed 1, shaggy fur 1, slow metabolism 1, sharp paws
a: no special abilities


You were on level 2 of the Dungeon.
You were completely stuffed.

You visited 1 branch of the dungeon, and saw 2 of its levels.

You collected 27 gold pieces.

Inventory:

Missiles
 i - 35 stones
Scrolls
 c - 3 scrolls of teleportation {unknown}
 d - a scroll of immolation {unknown}
 h - a scroll of magic mapping {unknown}
Potions
 b - a potion of heal wounds {unknown}
 e - 2 potions of degeneration {unknown}
 g - a potion of ambrosia {unknown}
Comestibles
 a - 3 rations
 f - 5 chunks of flesh


   Skills:
 + Level 3.4 Fighting
 + Level 4.5 Dodging
 + Level 3.4 Stealth
 * Level 3.7 Unarmed Combat


You had 2 spell levels left.
You didn't know any spells.
Your spell library was empty.

Dungeon Overview and Level Annotations

Branches:
Dungeon (2/15)

Altars:
Vehumet


Innate Abilities, Weirdness & Mutations

You cannot wear armour.
You are incapable of wielding weapons or throwing items.
Your paws allow you to move quietly. (Stealth)
You have sharp claws.
You have razor-sharp teeth.
You have supernaturally acute eyesight. (SInv)
You are carnivorous and can eat meat at any time.
You cover ground quickly.
You are covered in fur. (AC +1)
You have a slow metabolism.
Your sharp claws are effective at attacking unaware monsters.


Message History

You scratch the worm.
The worm is severely wounded.
The worm closely misses you.
You barely miss the worm. You bite the worm, but do no damage.
The worm is severely wounded.
You completely miss the worm. You bite the worm, but do no damage.
The worm is severely wounded.
The worm barely misses you.
You barely miss the worm. You bite the worm, but do no damage.
The worm is heavily wounded.
You scratch the worm.
The worm is severely wounded.
The worm bites you.
* * * LOW HITPOINT WARNING * * *
You scratch the worm but do no damage.
The worm is severely wounded.
You barely miss the worm.
The worm is severely wounded.
The worm bites you.
You die...

.# #.#
##.#####
#...#.. ##
..... .. ...#
#.#####.###.#
#.w@........#
#.#####.#####
.. #.# ## #.#
#.# #.# # #.#
<# #.##.#####
#.........


You could see a worm.

Vanquished Creatures
  2 adders (D:2)
  A dart slug (D:1)
  A ball python (D:1)
  5 giant cockroaches
  4 goblins
  3 hobgoblins (D:1)
  4 jackals (D:1)
  A quokka (D:2)
  3 bats (D:1)
  2 frilled lizards
  A kobold (D:1)
  2 rats (D:1)
29 creatures vanquished.

Notes
Turn   | Place    | Note
-------+----------+-------------------------------------------
     0 | D:1      | Descartes the Felid Monk began the quest for the Orb.
     0 | D:1      | Reached XP level 1. HP: 10/10 MP: 2/2
    84 | D:1      | Reached XP level 2. HP: 12/14 MP: 3/3
   442 | D:1      | Reached XP level 3. HP: 17/17 MP: 4/4
   737 | D:2      | Found a radiant altar of Vehumet.
   815 | D:2      | Slain by a worm

Levels and vault maps discovered:
D:1:      elethiomel_arrival_infinity_welcomes_careful_drivers,
          layout_loops_ring
D:2:      layout_loops_corners, lemuel_coloured_pillars_altar, first_ration

Skill      XL: |  1 |
---------------+----+-----
Stealth        | 3 |  3.4
Fighting       | |  3.4
Dodging        | |  4.5
Unarmed Combat | |  3.7

Action                   || total
-------------------------++-------
Melee: Unarmed           ||    85
       Bite              ||     8
       Punch             ||     1
 Stab: Sleeping          ||    12
  Eat: Chunk             ||     7
Armor: Skin              ||     2
Dodge: Dodged            ||    55
